BSA
CHICAGO MACHINE @ SPRINGFIELD STARS
03/05/2030
 
TOP OF THE 1ST
Chicago Machine batting - Pitching for Springfield Stars : RHP Claudio Martínez
Pitching: RHP Claudio Martínez
Batting: LHB Ken Nelson 0-0: Called Strike
0-1: Ball
1-1: Foul Ball, location: 2F
1-2: Ball
2-2: Ground out 6-3 (Groundball, 6MS)
Batting: RHB Nick Harris 0-0: Foul Ball, location: 2F
0-1: Ball
1-1: Foul Ball, location: 2F
1-2: Ground out U3 (Groundball, 34S)
Batting: SHB Clint Woods 0-0: Called Strike
0-1: Called Strike
0-2: Ball
1-2: Strikes out swinging
Top of the 1st over - 0 runs, 0 hits, 0 errors, 0 left on base; Chicago 0 - Springfield 0
BOTTOM OF THE 1ST
Springfield Stars batting - Pitching for Chicago Machine : RHP Rod Day
Pitching: RHP Rod Day
Batting: RHB Norberto Taváres 0-0: Ball
1-0: Ball
2-0: Ball
3-0: Called Strike
3-1: Foul Ball, location: 2F
3-2: Base on Balls
Batting: LHB Jesús Tobías 0-0: Ball
Norberto Taváres steals 2nd base
1-0: Ball
2-0: Ball
3-0: Base on Balls
Batting: LHB Derek Davidson 0-0: Swinging Strike
0-1: Ball
1-1: Ball
2-1: Fielders Choice at 2nd, 4-6 (Groundball, 4M)
Norberto Taváres to third
Batting: LHB Felipe Guerrero 0-0: Ball
Derek Davidson steals 2nd base
1-0: Foul Ball, location: 2F
1-1: Foul Ball, location: 2F
1-2: Foul Ball, location: 2F
1-2: DOUBLE (Line Drive, 9D)
Norberto Taváres scores
Derek Davidson scores
Batting: LHB Elliott Newell 0-0: Ball
1-0: Foul Ball, location: 2F
1-1: DOUBLE (Flyball, 8LXD)
Felipe Guerrero scores
Batting: RHB Juan Carlos Rodríguez 0-0: Ball
1-0: Ball
2-0: Ball
3-0: Base on Balls
Batting: RHB Calvin Bennett 0-0: 3-RUN HOME RUN (Line Drive, 7D), Distance : 400 ft
Batting: LHB Mike Pearson 0-0: Called Strike
0-1: Swinging Strike
0-2: Strikes out swinging, 2-3 out at first.
Batting: LHB Roberto Trujillo 0-0: Ball
1-0: Ball
2-0: Called Strike
2-1: Called Strike
2-2: Foul Ball, location: 2F
2-2: Ball
3-2: Strikes out swinging
Bottom of the 1st over - 6 runs, 3 hits, 0 errors, 0 left on base; Chicago 0 - Springfield 6
TOP OF THE 2ND
Chicago Machine batting - Pitching for Springfield Stars : RHP Claudio Martínez
Batting: LHB Edward Bennett 0-0: Ball
1-0: Fly out, F8 (Line Drive, 8LM)
Batting: SHB José Alomar 0-0: Ball
1-0: Called Strike
1-1: DOUBLE (Flyball, 8RXD)
Batting: RHB Will Lott 0-0: Called Strike
0-1: Ball
1-1: Foul Ball, location: 2F
1-2: Strikes out swinging
Batting: RHB Pablo Sandoval 0-0: Called Strike
0-1: Swinging Strike
0-2: Ball
1-2: Ball
2-2: Fly out, F7 (Flyball, 7D)
Top of the 2nd over - 0 runs, 1 hit, 0 errors, 1 left on base; Chicago 0 - Springfield 6
BOTTOM OF THE 2ND
Springfield Stars batting - Pitching for Chicago Machine : RHP Rod Day
Batting: RHB Norberto Taváres 0-0: Called Strike
0-1: Foul Ball, location: 2F
0-2: Ball
1-2: Foul Ball, location: 2F
1-2: Ball
2-2: Foul Ball, location: 2F
2-2: Ground out 6-3 (Groundball, 6S)
Batting: LHB Jesús Tobías 0-0: Ball
1-0: Ball
2-0: Ball
3-0: Base on Balls
Batting: LHB Derek Davidson 0-0: Ball
1-0: Called Strike
1-1: Fly out, F4 (Line Drive, 4)
Batting: LHB Felipe Guerrero 0-0: Ball
1-0: Foul Ball, location: 2F
1-1: SINGLE (Line Drive, 9LS)
Jesús Tobías to second
Batting: LHB Elliott Newell 0-0: Ball
1-0: Foul Ball, location: 2F
1-1: Called Strike
1-2: Foul Ball, location: 2F
1-2: Foul Ball, location: 2F
1-2: Ball
2-2: Fly out, F7 (Flyball, 7LD)
Bottom of the 2nd over - 0 runs, 1 hit, 0 errors, 2 left on base; Chicago 0 - Springfield 6
TOP OF THE 3RD
Chicago Machine batting - Pitching for Springfield Stars : RHP Claudio Martínez
Batting: RHB Gonzalo Gil 0-0: Called Strike
0-1: Fly out, F4 (Popup, 4)
Batting: SHB Edward Bartlett 0-0: Ball
1-0: Foul Ball, location: 2F
1-1: DOUBLE (Flyball, 8RXD)
Batting: LHB Ken Nelson 0-0: Swinging Strike
0-1: Ground out U3 (Groundball, 3)
Edward Bartlett to third
Batting: RHB Nick Harris 0-0: Ball
1-0: Ball
2-0: Called Strike
2-1: Ground out U3 (Groundball, 34S)
Top of the 3rd over - 0 runs, 1 hit, 0 errors, 1 left on base; Chicago 0 - Springfield 6
BOTTOM OF THE 3RD
Springfield Stars batting - Pitching for Chicago Machine : RHP Rod Day
Batting: RHB Juan Carlos Rodríguez 0-0: Ball
1-0: Ball
2-0: Ball
3-0: Base on Balls
Batting: RHB Calvin Bennett 0-0: Ball
1-0: Foul Ball, location: 2F
1-1: Ball
2-1: Foul Ball, location: 2F
2-2: Ball
3-2: Foul Ball, location: 2F
3-2: Grounds into double play, 6-4-3 (Groundball, 6M)
Batting: LHB Mike Pearson 0-0: Called Strike
0-1: Ball
1-1: Ball
2-1: Ball
3-1: Base on Balls
Batting: LHB Roberto Trujillo 0-0: Swinging Strike
0-1: Ball
1-1: Ball
2-1: Foul Ball, location: 2F
2-2: Strikes out swinging
Bottom of the 3rd over - 0 runs, 0 hits, 0 errors, 1 left on base; Chicago 0 - Springfield 6
TOP OF THE 4TH
Chicago Machine batting - Pitching for Springfield Stars : RHP Claudio Martínez
Batting: SHB Clint Woods 0-0: Called Strike
0-1: Ball
1-1: Ball
2-1: Foul Ball, location: 2F
2-2: Foul Ball, location: 2F
2-2: Strikes out swinging
Batting: LHB Edward Bennett 0-0: Swinging Strike
0-1: Ball
1-1: Ball
2-1: SINGLE (Flyball, 89S)
Batting: SHB José Alomar 0-0: Ball
1-0: Swinging Strike
1-1: Swinging Strike
1-2: Ball
2-2: Ball
3-2: Base on Balls
Edward Bennett to second
Batting: RHB Will Lott 0-0: Called Strike
0-1: Ball
1-1: Ball
2-1: 3-RUN HOME RUN (Line Drive, 7LD), Distance : 351 ft
Batting: RHB Pablo Sandoval 0-0: Ball
1-0: SINGLE (Line Drive, 4MD)
Batting: RHB Gonzalo Gil 0-0: Ball
Pablo Sandoval is caught stealing 2nd base
1-0: Called Strike
1-1: Ball
2-1: Fly out, F7 (Flyball, 7S)
Top of the 4th over - 3 runs, 3 hits, 0 errors, 0 left on base; Chicago 3 - Springfield 6
BOTTOM OF THE 4TH
Springfield Stars batting - Pitching for Chicago Machine : RHP Rod Day
Pitching: RHP Aaron Thrash
Batting: RHB Norberto Taváres 0-0: Ball
1-0: Foul Ball, location: 2F
1-1: Foul Ball, location: 2F
1-2: Ball
2-2: Ground out 5-3 (Groundball, 56)
Batting: LHB Jesús Tobías 0-0: Foul Ball, location: 2F
0-1: Ball
1-1: Ball
2-1: Swinging Strike
2-2: Fly out, F9 (Flyball, 89S)
Batting: LHB Derek Davidson 0-0: Called Strike
0-1: Swinging Strike
0-2: Ball
1-2: Ground out 4-3 (Groundball, 34)
Bottom of the 4th over - 0 runs, 0 hits, 0 errors, 0 left on base; Chicago 3 - Springfield 6
TOP OF THE 5TH
Chicago Machine batting - Pitching for Springfield Stars : RHP Claudio Martínez
Pitching: RHP Kyu-pyeong Pak
Batting: SHB Edward Bartlett 0-0: Foul Ball, location: 2F
0-1: Swinging Strike
0-2: Ball
1-2: DOUBLE (Groundball, 5L)
Batting: LHB Ken Nelson 0-0: SINGLE (Groundball, 6D)
Edward Bartlett to third
Batting: RHB Nick Harris 0-0: Called Strike
0-1: Called Strike
0-2: Ball
1-2: Ball
2-2: Ground out 5-3 (Groundball, 56S)
Edward Bartlett scores
Ken Nelson to second
Batting: SHB Clint Woods 0-0: Ground out U3 (Groundball, 3)
Ken Nelson to third
Batting: LHB Edward Bennett 0-0: Called Strike
0-1: Ground out 4-3 (Groundball, 4)
Top of the 5th over - 1 run, 2 hits, 0 errors, 1 left on base; Chicago 4 - Springfield 6
BOTTOM OF THE 5TH
Springfield Stars batting - Pitching for Chicago Machine : RHP Aaron Thrash
Batting: LHB Felipe Guerrero 0-0: SINGLE (Line Drive, 8LS)
Batting: LHB Elliott Newell 0-0: Fly out, F7 (Flyball, 7)
Batting: RHB Juan Carlos Rodríguez 0-0: Ball
1-0: Called Strike
1-1: Called Strike
1-2: Fly out, F9 (Flyball, 9LSF)
Batting: RHB Calvin Bennett 0-0: Ball
Felipe Guerrero steals 2nd base
1-0: Called Strike
1-1: Ball
2-1: Ball
3-1: Swinging Strike
3-2: Reached on error, E4 (Groundball, 4)
Felipe Guerrero to third
Batting: LHB Mike Pearson 0-0: Fly out, F9 (Flyball, 9LS)
Bottom of the 5th over - 0 runs, 1 hit, 1 error, 2 left on base; Chicago 4 - Springfield 6
TOP OF THE 6TH
Chicago Machine batting - Pitching for Springfield Stars : RHP Kyu-pyeong Pak
Batting: SHB José Alomar 0-0: Ground out U3 (Groundball, 3S)
Batting: RHB Will Lott 0-0: Ball
1-0: Ball
2-0: Called Strike
2-1: Ground out 6-3 (Groundball, 6)
Batting: RHB Pablo Sandoval 0-0: Called Strike
0-1: Foul Ball, location: 2F
0-2: Strikes out swinging
Top of the 6th over - 0 runs, 0 hits, 0 errors, 0 left on base; Chicago 4 - Springfield 6
BOTTOM OF THE 6TH
Springfield Stars batting - Pitching for Chicago Machine : RHP Aaron Thrash
Batting: LHB Roberto Trujillo 0-0: Called Strike
0-1: Called Strike
0-2: Strikes out looking
Pinch Hitting: LHB Will Hill 0-0: Called Strike
0-1: Ball
1-1: Fly out, F7 (Flyball, 7D)
Pinch Hitting: LHB Al Miller 0-0: Ball
1-0: Ball
2-0: Ball
3-0: Called Strike
3-1: Base on Balls
Pinch Hitting: RHB Rusty Bennett Pickoff Throw to First - Out!
Bottom of the 6th over - 0 runs, 0 hits, 0 errors, 0 left on base; Chicago 4 - Springfield 6
TOP OF THE 7TH
Chicago Machine batting - Pitching for Springfield Stars : RHP Kyu-pyeong Pak
Now at 3B: Al Miller
Now in LF: Gabriel Erwin
Now in RF: Will Hill
Batting: RHB Gonzalo Gil 0-0: Ball
1-0: Ball
2-0: Called Strike
2-1: Foul Ball, location: 2F
2-2: Fly out, F8 (Flyball, 78M)
Batting: SHB Edward Bartlett 0-0: Foul Ball, location: 2F
0-1: Ball
1-1: Called Strike
1-2: Foul Ball, location: 2F
1-2: Ball
2-2: Foul Ball, location: 2F
2-2: Ground out 4-3 (Groundball, 4)
Pitching: LHP John Livingston
Pinch Hitting: LHB Bernardo Montés 0-0: Ball
1-0: Ball
2-0: Ball
3-0: Called Strike
3-1: Called Strike
3-2: Foul Ball, location: 2F
3-2: Foul Ball, location: 2F
3-2: Base on Balls
Pitching: RHP Todd Brewster
Pinch Hitting: RHB Roberto Tobías 0-0: Ball
1-0: Foul Ball, location: 2F
1-1: Ball
2-1: Foul Ball, location: 2F
2-2: Fly out, F9 (Flyball, 89M)
Top of the 7th over - 0 runs, 0 hits, 0 errors, 1 left on base; Chicago 4 - Springfield 6
BOTTOM OF THE 7TH
Springfield Stars batting - Pitching for Chicago Machine : RHP Aaron Thrash
Pitching: RHP Juan Rodríguez
Now in LF: Bernardo Montés
Now in CF: Tanyu Imai
Batting: RHB Gabriel Erwin 0-0: Ground out 6-3 (Groundball, 6)
Batting: RHB Juan Morales 0-0: Ball
1-0: DOUBLE (Line Drive, 89D)
Batting: LHB Elliott Newell 0-0: Intentional Walk
Batting: RHB Juan Carlos Rodríguez 0-0: Ball
Juan Morales steals 3rd base
Elliott Newell to second
1-0: Fly out, F5 (Popup, 5L)
Batting: RHB Calvin Bennett 0-0: Ball
1-0: Ball
2-0: Ball
3-0: Called Strike
3-1: Base on Balls
Batting: LHB Mike Pearson 0-0: Ball
1-0: Ball
2-0: Ball
3-0: Called Strike
3-1: Swinging Strike
3-2: Strikes out swinging
Bottom of the 7th over - 0 runs, 1 hit, 0 errors, 3 left on base; Chicago 4 - Springfield 6
TOP OF THE 8TH
Chicago Machine batting - Pitching for Springfield Stars : RHP Todd Brewster
Batting: SHB Clint Woods 0-0: Called Strike
0-1: Fly out, F7 (Line Drive, 78S)
Pinch Hitting: LHB Héctor Soto 0-0: Ball
1-0: Ball
2-0: Ball
3-0: Base on Balls
Batting: LHB Denny Poole 0-0: Ball
1-0: Grounds into double play, 1-6-3 (Groundball, P)
Top of the 8th over - 0 runs, 0 hits, 0 errors, 0 left on base; Chicago 4 - Springfield 6
BOTTOM OF THE 8TH
Springfield Stars batting - Pitching for Chicago Machine : RHP Juan Rodríguez
Now in LF: Héctor Soto
Batting: LHB Roberto Trujillo 0-0: Called Strike
0-1: Swinging Strike
0-2: Strikes out looking
Batting: LHB Will Hill 0-0: SINGLE (Groundball, 34D)
Batting: LHB Al Miller 0-0: Ball
1-0: Foul Ball, location: 2F
1-1: Ball
2-1: Foul Ball, location: 2F
2-2: Foul Ball, location: 2F
2-2: Grounds into double play, 4-6-3 (Groundball, 4)
Bottom of the 8th over - 0 runs, 1 hit, 0 errors, 0 left on base; Chicago 4 - Springfield 6
TOP OF THE 9TH
Chicago Machine batting - Pitching for Springfield Stars : RHP Todd Brewster
Pitching: RHP José Valdéz
Pinch Hitting: RHB Doug Stephens 0-0: Ball
1-0: Ball
2-0: Swinging Strike
2-1: Swinging Strike
2-2: Strikes out swinging
Pinch Hitting: RHB Tony Parker 0-0: Ball
1-0: Foul Ball, location: 2F
1-1: Ball
2-1: Swinging Strike
2-2: Ground out 5-3 (Groundball, 56S)
Pinch Hitting: RHB Jesse McKnight 0-0: Foul Ball, location: 2F
0-1: Ball
1-1: Swinging Strike
1-2: Strikes out swinging, 2-3 out at first.
Top of the 9th over - 0 runs, 0 hits, 0 errors, 0 left on base; Chicago 4 - Springfield 6
Saturday, April 7th, 2018 - OOTP Baseball 18.8 Build 76